[Event "Chess Classic 2023"]
[Site "London"]
[Date "2023.12.02"]
[Round "2"]
[White "Bartel, Mateusz"]
[Black "Moussard, Jules"]
[Result "1-0"]
[WhiteElo "2659"]
[BlackElo "2635"]
[ECO "A17"]
[EventDate "2023.??.??"]
[Annotator "rafael"]
[PlyCount "59"]
[Beauty "8247276746283"]
[EventType "swiss"]
[EventRounds "9"]
[EventCountry "CAN"]
[TimeControl "5400+30"]

1.Nf3 Nf6 2.c4 e6 3.Nc3 Bb4 4.Qb3 ( 4.Qc2 {is the most popular move.} ) ( 4.g4 $5 {[%c_effect g4;square;g4;type;Interesting;persistent;true] Even this is possible, a pawn advance we will soon see on the board.} ) 4...c5 5.a3 Ba5 ( 5...Bxc3 $6 {[%c_effect c3;square;c3;type;Inaccuracy;persistent;true] is a positional error, as it simply hands the pair of bishops to White.} ) 6.g4 $6 {[%c_effect g4;square;g4;type;Inaccuracy;persistent;true] A thematic move in the English Opening but rare in this specific position. The computer isn't impressed, and the feeling is that this is a bad version of the g-pawn advance. It's important to highlight that the first chess player to try this move is the legendary grandmaster and World Champion Maia Chiburdanidze.} 6...h6 $1 {[%c_effect h6;square;h6;type;GreatFind;persistent;true] The best reaction, stopping g4-g5.} ( 6...Nxg4 $6 {[%c_effect g4;square;g4;type;Inaccuracy;persistent;true] This is playing into White's hands.} 7.Rg1 {followed by the capture of the g7-pawn.} ) ( 6...Nc6 {is also possible but less accurate.} 7.g5 Ng4 8.Ne4 Qe7 9.Rg1 f5 10.gxf6 Nxf6 11.Qe3 {with a complicated game in Chiburdanidze-Razuvaev, Palma de Mallorca 1989.} ) 7.Rg1 Nc6 {A new move and a good one.} ( 7...d5 {is also better for Black.} 8.cxd5 ( 8.h4 {is the best try:} 8...d4 9.g5 {with a slightly better position for Black.} ) 8...exd5 9.g5 hxg5 10.Rxg5 Be6 ( 10...Kf8 {is even better.} ) 11.Qxb7 Nbd7 {with excellent compensation for the pawn in Naoum-Paravyan, Wch U16 Al Ain 2013.} ) 8.h4 Nd4 $6 ( 8...h5 $1 {[%c_effect h5;square;h5;type;GreatFind;persistent;true] is the best reply, giving Black a clear advantage after either 9.gxh5 or 9.g5. This move (h5) is common in Sicilian positions when White commonly plays g4 and h4. Yet another proof that chess patterns repeat themselves even in very different openings.} 9.gxh5 ( 9.g5 Ng4 {The kingside is closed, and White's plan loses meaning.} ) 9...Kf8 $1 {[%c_effect f8;square;f8;type;GreatFind;persistent;true] Another very precise move with the idea of playing d7-d5. Black has a clear advantage.} ) 9.Nxd4 cxd4 10.Nb5 d5 {The position is complicated, but it's still better to be in Black's shoes, both practically and objectively.} 11.c5 {An understandable reaction, so the center doesn't open up.} ( 11.Nxd4 e5 {with good play.} ) ( 11.g5 hxg5 12.hxg5 Ne4 {with good counterplay for Black.} ) 11...Ne4 $1 {[%c_effect e4;square;e4;type;GreatFind;persistent;true] Attacking the pawns on c5 and h4.} 12.Nxd4 {This is probably not the best. White could take the queen from b3 so the capture on c5 would no longer be possible due to the fork with b2-b4.} ( 12.Qf3 $1 {[%c_effect f3;square;f3;type;GreatFind;persistent;true] Now the computer recommends an extremely sophisticated maneuver to secure the initiative.} 12...Qd7 ( 12...Nxc5 $2 13.b4 {loses a piece.} ) ( 12...Bxd2+ $5 13.Bxd2 Nxd2 14.Kxd2 Qa5+ 15.b4 Qxb5 16.e4 dxe3+ 17.Qxe3 {with unclear play.} ) 13.Nxd4 Bd8 $1 {[%c_effect d8;square;d8;type;GreatFind;persistent;true] A subtle move, attacking the h4-pawn and preparing to place the bishop on f6.} ) 12...Nxc5 13.Qb5+ Nd7 14.b4 Bb6 15.Bb2 {Both players don't seem to be very interested in the h4-pawn for some reason. The computer is a little greedier.} ( 15.Nf3 {is relatively best, although Black is better after} 15...Qf6 ) 15...a6 ( 15...Qxh4 {There's nothing wrong with putting this pawn in the pocket.} ) 16.Qa4 O-O $2 {[%c_effect g8;square;g8;type;Mistake;persistent;true] White is back in the game now.} ( 16...Qxh4 {Black is simply a pawn up and has the safer king. The computer already evaluates the advantage as winning.} ) 17.g5 Ne5 ( 17...h5 {is a safe move, keeping the kingside closed.} 18.Nf3 {with an equal position.} ) 18.gxh6 g6 19.Qb3 ( 19.h5 $2 {[%c_effect h5;square;h5;type;Mistake;persistent;true] is bad due to} 19...Qh4 $1 {[%c_effect h4;square;h4;type;GreatFind;persistent;true] attacking the d4-knight and the pawn on h5. There's also some pressure on the f2-pawn.} ) 19...Qxh4 {The pawn is finally captured.} 20.h7+ Kh8 {Black has to decide between opening the h-file or placing the king on the dangerous diagonal of the b2-bishop.} ( 20...Qxh7 {is possible with complicated play. White has enough compensation for the pawn.} ) 21.Qe3 ( 21.Qg3 {is better, keeping the game equal.} 21...Qxg3 22.Rxg3 {The point is that the tempting 22...Nc4 doesn't work so well:} 22...Nc4 $6 ( 22...Kxh7 ) ( 22...f6 ) 23.Nxe6+ $1 Nxb2 24.Nxf8 Bf5 25.Bh3 Bxh3 26.Nxg6+ fxg6 27.Rxh3 {with a slight advantage for White in this unbalanced endgame.} ) 21...f6 $2 {[%c_effect f6;square;f6;type;Mistake;persistent;true] A losing mistake. Black has two good alternatives.} ( 21...Nc4 {A dangerous move, but it's tactically justified.} 22.Nf3+ Nxb2 23.Qe5+ $1 ( 23.Qxb6 Qf6 {with a good position.} ) ( 23.Qc3+ d4 $1 ) 23...f6 24.Nxh4 Bxf2+ $1 {[%c_effect f2;square;f2;type;GreatFind;persistent;true] The only move.} 25.Kxf2 fxe5+ 26.Ke1 Kxh7 27.Rc1 Bd7 28.Rc7 Rad8 {with a balanced position.} ) ( 21...Qf6 $1 {[%c_effect f6;square;f6;type;GreatFind;persistent;true] is the most accurate move when Black keeps the better position.} ) 22.Nf3 $1 {[%c_effect f3;square;f3;type;GreatFind;persistent;true] A beautiful move, clearly missed by Moussard.} 22...Nxf3+ ( 22...Bxe3 {loses material after} 23.Nxh4 ) 23.Qxf3 {Sadly for Black, there's no way to defend the important g6-pawn.} 23...e5 ( 23...Kg7 $2 24.Rh1 Qg5 25.h8=Q+ Rxh8 26.Rxh8 Kxh8 27.Bxf6+ ) 24.Rxg6 Be6 25.Rc1 ( 25.e3 $1 {[%c_effect e3;square;e3;type;GreatFind;persistent;true] is the best move, immediately preparing Bd3.} ) 25...Rf7 $1 26.e3 Re8 $2 {[%c_effect e8;square;e8;type;Mistake;persistent;true] The rook is not very useful on e8. It's better to move it to f8, defending the f6-pawn and making the e5-e4 advance a possibility.} ( 26...Raf8 $1 ) 27.Bd3 $1 {[%c_effect d3;square;d3;type;GreatFind;persistent;true] The bishop comes to play at the right time. Now it supports the pawn on h7, frees the path for the plan with Ke2-Rh1, and can also go to f5.} 27...Bd8 {This loses on the spot.} 28.Bxe5 $1 {[%c_effect e5;square;e5;type;GreatFind;persistent;true] A nice tactical solution.} 28...Rxh7 ( 28...fxe5 {loses to} 29.Rxe6 $1 Rxf3 ( 29...Rxe6 30.Qxf7 ) 30.Rxe8+ Kg7 31.Rg8+ {followed by the promotion with h7-h8.} ) 29.Rxf6 Qh1+ 30.Ke2 1-0

[Event "Chess Classic 2023"]
[Site "London"]
[Date "2023.12.03"]
[Round "3"]
[White "Gukesh, D."]
[Black "Volokitin, Andrei"]
[Result "1-0"]
[WhiteElo "2720"]
[BlackElo "2659"]
[ECO "A34"]
[EventDate "2023.??.??"]
[Annotator "rafael"]
[PlyCount "55"]
[Beauty "8250921590329"]
[EventType "swiss"]
[EventRounds "9"]
[EventCountry "CAN"]
[TimeControl "5400+30"]

1.c4 Nf6 2.Nc3 c5 3.g3 d5 4.cxd5 Nxd5 5.Bg2 Nc7 6.b3 {A rare choice.} ( 6.Nf3 {is the main move.} ) 6...e5 {Black's natural reaction, achieving a pawn formation known as the \"Maroczy Bind.\"} 7.Bb2 Be7 8.Rc1 {White's game is very concrete and based on a quick attack on the \"Maroczy's pawns,\" even if this comes at the price of neglecting the development of the kingside.} 8...O-O {The best reaction. When in doubt, just castle.} ( 8...Ne6 $6 {[%c_effect e6;square;e6;type;Inaccuracy;persistent;true] This move gives the d5-square to White.} 9.Nd5 Bd6 10.e3 O-O 11.Ne2 {with the advantage in Spraggett-Fier, Linares 2015.} ) ( 8...f6 {is a solid choice, protecting the e5-pawn.} 9.Nh3 Be6 10.f4 Qd7 11.Nf2 Nc6 {with chances for both sides in Spraggett-Umetsubo, Famalicao op 2022.} ) 9.Ne4 {This natural move is a novelty. Gukesh came well-prepared to this game.} ( 9.Na4 {Has been played a few times, although it's curious to place the knight at the edge of the board.} 9...Nd7 ) ( 9.Nf3 {has also been tried.} 9...f6 {with equal chances.} ) 9...b6 $1 {[%c_effect b6;square;b6;type;GreatFind;persistent;true] An excellent reply. Volokitin is a very strong player, especially when he has the initiative. Sacrificing material for development is not a problem for him.} ( 9...Nd7 {is also possible, preserving material equality.} 10.d3 b6 ( 10...f5 11.Nd2 {Black has advanced the pawns too quickly and is overextended.} ) 11.Nf3 Bb7 12.O-O f6 {Here White can try a variety of plans. In general, I think he has a slight advantage.} ) 10.Bxe5 {Black's previous move was both a pawn sacrifice and an exchange sacrifice. It's better to accept the former than the latter.} ( 10.Nc3 {The rook on a8 will be captured, but it's hard to believe that Black has no compensation after this back and forth with the knight.} 10...Qd7 11.Bxa8 Nxa8 {The light-squared bishop is certainly worth a rook.} ) 10...Bb7 11.Ba1 {Black was threatening to play f7-f5, forcing White to lose more time before developing the pieces.} ( 11.Nf6+ $2 {[%c_effect f6;square;f6;type;Mistake;persistent;true] doesn't work:} 11...Bxf6 ( 11...gxf6 12.Bxb7 fxe5 13.Bxa8 Nxa8 {is also winning.} ) 12.Bxf6 Qc8 $1 {[%c_effect c8;square;c8;type;GreatFind;persistent;true] Black wins material.} ) 11...Qc8 {Protecting the b7-bishop and renewing the threat of f7-f5.} 12.g4 $1 ( 12.Kf1 {is the other option, but Gukesh's choice is more dynamic. It's hard to play with the king stuck in the middle.} ) 12...Ne6 $2 {[%c_effect e6;square;e6;type;Mistake;persistent;true] Here Gukesh finally started to think. Excellent preparation in a variation with not too much theory. 12...Nc6 and 12...f5 are better attempts to demonstrate compensation for the pawn.} ( 12...Nc6 13.g5 Qd7 {Followed by Rad8.} ) ( 12...f5 13.gxf5 Qxf5 14.d3 {Black has managed to weaken the white king's position, but it's difficult to say whether the compensation is sufficient for the pawn.} ) 13.Nh3 {Now White can complete the development, and the pawns on the kingside are ready to advance.} 13...Nc6 14.e3 $6 {[%c_effect e3;square;e3;type;Inaccuracy;persistent;true] A prophylactic move, preventing the knight from going to d4. This subtlety, however, is unnecessary.} ( 14.O-O $1 Ncd4 15.e3 f5 {I suppose this is the line Gukesh wanted to avoid.} 16.gxf5 Nxf5 17.f4 {White has a clear advantage with a pawn up and the monster bishop on a1.} ) 14...Nb4 $1 ( 14...Ba6 $5 {[%c_effect a6;square;a6;type;Interesting;persistent;true] is another natural move, but after} 15.a3 Qd7 16.g5 $1 {[%c_effect g5;square;g5;type;GreatFind;persistent;true] White wants to play f4-Kf2. Black certainly still has a few tricks here, but further sacrifices are necessary.} ) 15.O-O Nxa2 16.Rb1 {Black has managed to recover the material but needs to be careful: the plan with f4-f5 is very dangerous.} 16...Nb4 $6 ( 16...Qd7 $1 {[%c_effect d7;square;d7;type;GreatFind;persistent;true] is a better chance, followed by Rad8. It's not yet time for the knight to come back.} ) 17.f4 $1 f6 18.Qf3 $6 {[%c_effect f3;square;f3;type;Inaccuracy;persistent;true] White had a forced win, but it's easy to find it with a cup of coffee and the computer on.} ( 18.f5 $1 Ng5 19.Nhxg5 fxg5 20.f6 $1 gxf6 ( 20...Bxf6 21.Nd6 {An important detail.} ) 21.Rf5 $1 {[%c_effect f5;square;f5;type;GreatFind;persistent;true] An accurate move. Now Black either captures on e4 and suffers on the light squares, or loses the pawn on f6. The machine evaluation is ruthless: White is winning.} ) 18...Bc6 19.f5 Nc7 $2 {[%c_effect c7;square;c7;type;Mistake;persistent;true] The decisive error, after which Gukesh executes a forced destruction sequence on the black king.} ( 19...Ng5 $1 {[%c_effect g5;square;g5;type;GreatFind;persistent;true] is necessary. The game is not clear after} 20.Nhxg5 fxg5 ) 20.g5 $1 fxg5 21.Qg3 $1 {[%c_effect g3;square;g3;type;GreatFind;persistent;true] White's bishops cross the board with lethal force, especially the one on a1.} 21...h6 22.f6 $1 gxf6 ( 22...Bxe4 23.fxe7 $1 {[%c_effect e7;square;e7;type;GreatFind;persistent;true] and the black position collapses.} ) 23.Bxf6 Bxe4 ( 23...Bxf6 24.Nxf6+ {Followed by a knight sac on g5.} ) 24.Nxg5 $1 {[%c_effect g5;square;g5;type;GreatFind;persistent;true] The decisive blow.} 24...Bxf6 25.Rxf6 Rxf6 26.Nxe4+ Kh8 ( 26...Kf7 27.Nxf6 Kxf6 28.Rf1+ {The king will soon be mated.} ) 27.Nxf6 Qf5 28.Rf1 1-0

[Event "Chess Classic 2023"]
[Site "London"]
[Date "2023.12.04"]
[Round "4"]
[White "Niemann, Hans Moke"]
[Black "Royal, Shreyas"]
[Result "1-0"]
[WhiteElo "2667"]
[BlackElo "2438"]
[ECO "C54"]
[EventDate "2023.??.??"]
[Annotator "rafael"]
[PlyCount "89"]
[Beauty "7358352741927"]
[EventType "swiss"]
[EventRounds "9"]
[EventCountry "CAN"]
[TimeControl "5400+30"]

1.e4 e5 2.Nf3 Nc6 3.Bc4 Bc5 4.d3 Nf6 5.O-O d6 6.c3 a5 7.Re1 O-O 8.h3 h6 9.Nbd2 Be6 10.Bb5 Qb8 11.Nf1 Qa7 {This is one important position for the line with a7-a5 in the Italian.} 12.Re2 $5 {[%c_effect e2;square;e2;type;Interesting;persistent;true] A modern idea, keeping the bishops on the board.} ( 12.Be3 Bxe3 13.Nxe3 Ne7 {Followed by Ng6.} ) ( 12.d4 {leads to a complicated position where Black has good chances after} 12...exd4 13.Bxc6 dxc3 $5 14.Ba4 Bxf2+ ) 12...a4 13.Ng3 Qa5 14.Bxc6 bxc6 {Both players were still clearly in book, having played all these moves quickly.} 15.Rc2 $5 {[%c_effect c2;square;c2;type;Interesting;persistent;true] This move has been played before, and it's a difficult one to play, to say the least. It seems strange to take the rook off e2 and place it behind a pawn. The continuation of the game will offer some hints about the hidden idea of this move, but we can still take the opportunity to remember Nimzowitsch's concept: the \"mysterious rook move.\" Being a precursor to the concept of prophylaxis, we can suspect that this concept holds the key to White's idea: the fight against the d6-d5 move. In fact, after White plays c4, the move d6-d5 becomes, perhaps, less attractive as it opens the way to the rook.} ( 15.Nh4 Rfe8 {with the idea of playing d5 followed by Bf8, controlling the center and protecting the king.} ) ( 15.d4 Bb6 ) 15...Rfb8 $6 {[%c_effect b8;square;b8;type;Inaccuracy;persistent;true] This is a new move. Speaking of \"mysterious rook moves,\" I really don't like this one. The rook seems to be too far from the king and does not fulfill a very important role here. The computer, naturally, disagrees with everything I wrote and considers the move to be ok.} ( 15...Kh7 16.Bd2 Bb6 17.c4 Qa7 18.Bc3 c5 19.Bd2 c6 {with a good position for Black in Santos Ruiz,-Meskovs, Bundesliga 2022.} ) ( 15...Rfe8 16.Nh4 d5 17.Qf3 Nh7 18.Nhf5 Bf8 {with equal play: Yu-Le, Aimchess Rapid 2023.} ) ( 15...Bb6 {is very useful, anticipating d4 and preparing the c6-c5,c7-c6 plan: Dabrowski-Annoni, EU-ch 2022 email.} ) 16.c4 $1 Qb6 17.Qe2 Kh7 ( 17...Nd7 {is better, with the idea of playing d5.} ) 18.Rb1 ( 18.Bd2 {It's more accurate to start with this move, as it's not clear whether the white rook should go to b1 or directly to f1 to prepare for the f2-f4 advance.} ) 18...Qa7 ( 18...Nd7 {This is again the correct move.} ) 19.Bd2 Bb6 {The impression one gets is that Royal didn't know what plan to execute. Not having a plan is a chess player's worst nightmare.} 20.b4 ( 20.Nh4 {with the idea of playing Rf1-Kh2 and f4 is very promising.} ) 20...axb3 21.axb3 c5 22.Nh4 Ng8 $6 ( 22...c6 $1 {[%c_effect c6;square;c6;type;GreatFind;persistent;true] It's time to bring the queen to the defense.} 23.Nhf5 Qd7 ) 23.f4 exf4 24.Bxf4 {White has achieved a very comfortable position, with a space advantage and attacking prospects on the kingside, with Black's heavy pieces dangerously far from the king.} 24...Re8 25.Bd2 $6 {[%c_effect d2;square;d2;type;Inaccuracy;persistent;true] Niemann brings the bishop to c3, but this is more sophisticated than the position requires.} ( 25.Rf1 $1 {[%c_effect f1;square;f1;type;GreatFind;persistent;true] is simple and good.} ) 25...c6 $1 26.Ngf5 $6 {[%c_effect f5;square;f5;type;Inaccuracy;persistent;true] This leaves the knight in an awkward position on h4.} ( 26.Nhf5 {is better.} ) 26...d5 ( 26...Bd8 $1 {[%c_effect d8;square;d8;type;GreatFind;persistent;true] is more precise, preparing Qd7 or g6.} ) 27.Bc3 ( 27.Nd6 $1 {[%c_effect d6;square;d6;type;GreatFind;persistent;true] is the right way to fight for the initiative.} 27...Red8 28.e5 {with chances for both sides.} ) 27...d4 28.Bd2 {A hard-working bishop.} 28...Bc7 ( 28...Qb8 {The computer is very happy with Black's position.} 29.Qf3 Bc7 {The queen can help the defense by going to d8, and the rook can help in the counterattack by going to a3.} ) 29.Qf3 ( 29.g4 {immediately looks better.} ) 29...g6 ( 29...Qb8 ) 30.g4 $1 Bd8 $6 ( 30...Qb8 $1 {[%c_effect b8;square;b8;type;GreatFind;persistent;true] is again the right move.} ) 31.Ng2 gxf5 $6 {[%c_effect f5;square;f5;type;Inaccuracy;persistent;true] There's no need to capture the knight, no matter how uncomfortable it is.} ( 31...Qb8 {The rook might go to a7, helping to defend from the seventh rank.} ) 32.gxf5 Bc8 33.Kh1 {I've always admired chess players who still manage to play calmly even when they are down a piece.} 33...Qe7 $6 ( 33...Bg5 $1 {[%c_effect g5;square;g5;type;GreatFind;persistent;true] This very difficult move is necessary.} 34.Bxg5 ( 34.Nf4 {is also possible.} ) 34...hxg5 35.Qh5+ Nh6 36.Qxg5 Rg8 37.Qh4 Qc7 38.Nf4 Qd8 39.f6 {My machine believes the position is equal. I must admit that, without its guidance, I wouldn't have a clue about the evaluation.} ) 34.Rg1 Bc7 35.Qh5 {The white attack develops slowly and steadily. The fate of the black king already seems inevitable.} 35...Be5 $2 ( 35...Qf8 {is the only chance.} ) 36.Nh4 $1 {[%c_effect h4;square;h4;type;GreatFind;persistent;true] The knight joins the attack.} 36...Ra7 37.Nf3 Bg7 38.Bf4 {The rook is ready to participate, and White officially has all the pieces attacking.} 38...Bf8 39.Rxg8 $1 {[%c_effect g8;square;g8;type;GreatFind;persistent;true] The most clear-cut.} ( 39.e5 {is also winning.} ) 39...Kxg8 40.Rg2+ Bg7 {Other moves lead to mate.} ( 40...Kh8 41.Bxh6 ) ( 40...Kh7 41.Qg4 ) 41.Rxg7+ ( 41.Bxh6 {is also winning.} ) 41...Kxg7 42.Bxh6+ Kh7 43.Bg5+ ( 43.Ng5+ {ends in a pretty mate:} 43...Kg8 44.Bg7 Kxg7 45.Qh7+ Kf6 46.Qh6+ Ke5 47.Nf3# ) 43...Kg8 44.Bxe7 Rexe7 45.f6 1-0